 Dungeon Crawl Stone Soup version 0.18-a0-844-g9229740 (webtiles) character file.

200 Omilette the Gusty (level 6, 0/37 HPs)
             Began as a Halfling Air Elementalist on Dec 19, 2015.
             Succumbed to an adder's poison
             ... in a sewer.
             The game lasted 00:35:51 (4339 turns).

Omilette the Gusty (Halfling Air Elementalist)      Turns: 4339, Time: 00:35:51

Health: 0/37       AC:  3    Str:  8    XL:     6   Next: 7%
Magic:  0/9        EV: 21    Int: 16    God:
Gold:   124        SH:  0    Dex: 20    Spells: 4 memorised, 2 levels left

rFire  . . .     SeeInvis .     a - +0 dagger
rCold  . . .     Gourm    +     d - +0 robe
rNeg   . . .     Faith    .     (shield restricted)
rPois  .         Spirit   .     (no helmet)
rElec  .         Dismiss  .     (no cloak)
rCorr  .         Reflect  .     (no gloves)
SustAt .         Harm     .     l - +0 pair of boots
MR     .....                    x - amulet of the gourmand
Stlth  ++++......               (no ring)
                                (no ring)

@: agile, lethally poisoned (0 -> -7), flying, very slightly contaminated, repel
missiles, not resistant to hostile enchantments, stealthy
A: mutation resistance 1
a: no special abilities


You were in a sewer.
You were not hungry.

You visited 1 branch of the dungeon, and saw 4 of its levels.
You also visited: Sewer.

You collected 124 gold pieces.

Inventory:

Hand Weapons
 a - a +0 dagger (weapon)
 b - a +1 hunting sling
Missiles
 e - 162 stones (quivered)
Armour
 d - a +0 robe (worn)
 l - a +0 pair of boots (worn)
Jewellery
 w - an uncursed ring of teleportation
 x - an amulet of the gourmand (around neck)
Scrolls
 f - 2 scrolls of noise
 m - 3 scrolls of remove curse
 n - a scroll of blinking {unknown}
 v - a scroll of random uselessness
Potions
 g - a potion of haste
 q - a potion of heal wounds {unknown}
 r - a potion of might {unknown}
 s - a potion of flight
 t - a potion of lignification {unknown}
 u - a potion of agility
Books
 k - a book of Air

   Spells                             Type                      Level
   a - Shock                          Conjuration/Air              1
   b - Swiftness                      Charms/Air                   2
   c - Repel Missiles                 Charms/Air                   2
   d - Static Discharge               Conjuration/Air              3
   e - Lightning Bolt                 Conjuration/Air              5
Comestibles
 c - 2 bread rations
 h - a meat ration
 i - 13 fruits


   Skills:
 + Level 0.6 Fighting
 + Level 1.0 Short Blades
 + Level 0.8 Slings
 + Level 3.2 Dodging
 + Level 2.6 Stealth
 + Level 2.5 Spellcasting
 + Level 1.5 Conjurations
 + Level 4.6 Air Magic


You had 2 spell levels left.
You knew the following spells:

 Your Spells              Type           Power        Failure   Level  Hunger
a - Shock                 Conj/Air       ##..         8%          1    #......
b - Swiftness             Chrm/Air       #.......     14%         2    ##.....
c - Static Discharge      Conj/Air       ##......     17%         3    ###....
r - Repel Missiles        Chrm/Air       #.....       14%         2    ##.....


Dungeon Overview and Level Annotations

Branches:
Dungeon (4/15)
 Temple: D:4-7

Altars:
Trog
The Shining One

Annotations:
D:3 krfreak's ghost, amateur OpTm


Innate Abilities, Weirdness & Mutations

You are small and have problems with some larger weapons.
You are somewhat resistant to further mutation.


Message History

You feel sick. The adder misses you. The adder misses you.
You feel sick.
You feel sick. The adder bites you but does no damage.
Casting: Shock
Confirm with . or Enter, or press ? or * to list all spells.
Aiming: Shock
Press: ? - help, Shift-Dir - straight line, f/p - adder
Aim: an adder (almost dead)
The zap hits the adder.
The adder is almost dead.
You feel sick. The adder bites you.
* * * LOW HITPOINT WARNING * * *
You are more poisoned.
The adder poisons you!
Drink which item? (? for menu, Esc to quit)
It was a potion of flight.
You feel very buoyant.
You fly up into the air.
You die...

###.≈≈≈≈≈≈≈≈≈≈≈≈
##...≈≈≈≈≈≈≈≈≈≈≈≈
##.....≈≈≈≈≈≈≈≈≈≈≈
#......≈≈≈≈≈≈≈≈≈≈≈
##.....≈≈≈≈≈≈≈≈≈≈≈≈
#.....†≈≈≈≈≈≈≈≈≈≈≈≈
#.....#############
##..S.## #..@..#
#....## #....##
#.....# ##....##
#.....#############
#......≈≈≈≈≈≈≈≈≈≈≈≈
##......≈≈≈≈≈≈≈≈≈≈≈
#......≈≈≈≈≈≈≈≈≈≈≈


You could see an adder.

Vanquished Creatures
  A centaur skeleton (D:4)
  A worker ant (D:4)
  5 adders
  2 river rats (Sewer)
  A worm (D:1)
  6 giant geckos
  2 orcs (D:3)
  11 bats
  6 giant cockroaches
  9 goblins
  4 hobgoblins
  5 jackals
  3 ball pythons
  3 giant newts
  7 kobolds
  A quokka (D:3)
  23 rats
90 creatures vanquished.

Notes
Turn   | Place    | Note
--------------------------------------------------------------
     0 | D:1      | Omilette the Halfling Air Elementalist began the quest for the Orb.
     0 | D:1      | Reached XP level 1. HP: 11/11 MP: 3/3
   368 | D:1      | Reached XP level 2. HP: 13/17 MP: 1/4
   475 | D:1      | Learned a level 2 spell: Repel Missiles
   799 | D:1      | Reached skill level 1 in Conjurations
   967 | D:1      | Reached XP level 3. HP: 21/21 MP: 2/5
  1565 | D:2      | Reached skill level 4 in Air Magic
  1579 | D:2      | Learned a level 2 spell: Swiftness
  1726 | D:2      | Reached XP level 4. HP: 11/27 MP: 0/7
  2530 | D:3      | Reached skill level 1 in Short Blades
  2990 | D:3      | Noticed krfreak's ghost (amateur OpTm)
  3099 | D:3      | Reached XP level 5. HP: 31/31 MP: 4/8
  3137 | D:3      | Learned a level 3 spell: Static Discharge
  3447 | D:4      | Found a glowing golden altar of the Shining One.
  3632 | D:4      | Found a bloodstained altar of Trog.
  3701 | D:4      | Found a glowing drain.
  3838 | Sewer    | Entered a sewer
  4045 | Sewer    | Reached XP level 6. HP: 23/37 MP: 0/9
  4338 | Sewer    | HP: 1/37 [adder (5)]
  4339 | Sewer    | Succumbed to an adder's poison

Vault maps used:
D:1:      dpeg_arrival_round_a, minivault_4
D:2:      kennysheep_minor_cross
D:3:      guppyfry_early_lair_pool
D:4:      nicolae_overflow_crystal_walls, nicolae_overflow_hidden_temple,
          first_bread, portal_sewer_entry_f, uniq_menkaure
Sewer:    sewer_minmay_w

Action                   |  1- 3 |  4- 6 || total
-------------------------+-------+-------++-------
Melee: Dagger            |    21 |    40 ||    61
 Fire: Hunting sling     |       |     8 ||     8
 Cast: Shock             |    70 |   114 ||   184
       Repel Missiles    |     1 |     1 ||     2
       Static Discharge  |       |     1 ||     1
  Use: Scroll            |     1 |     8 ||     9
       Potion            |       |     4 ||     4
 Stab: Sleeping          |     2 |     1 ||     3
  Eat: Chunk             |     4 |    15 ||    19
